cohdb
Replays
Latest Replays
All Replays
Popular Replays
Top Player Replays
Match Explorer
How It Works
Community
CoH3 Stats
Reddit
Sign in to upload your games and track your stats! →
Sign in with Steam
Match 42236433
Unlisted
Match 42236433
Overview
Messages
Build Orders
End
Construct Infanterie Kompanie
Kettenkrad Recon Vehicle
Selects Mechanized Battlegroup
MG 42 Machine Gun Team
Grenadier Squad
Grenadier Squad
Construct Luftwaffe Kompanie
221 Scout Car
Jäger Squad
Pioneer Squad
Support Elements
Selects Mobile Repair Stations
Medical Bunker
Wirbelwind Flakpanzer
Marder III M Tank Destroyer
Luftwaffe Officer Quarters
Side Skirts
BÖRK
Hazsart
Voodoo408
Zoni
Tizmitce
MiniMarko
Greenskorps
iFapToHentai
0
0
Comments
sign in to comment!
No comments posted yet!